 Dungeon Crawl Stone Soup version 0.22-a0-157-g169b76a (webtiles) character file.

73 KristoblXynda the Ducker (level 4, -4/23 HPs)
             Began as a Spriggan Monk on Feb 8, 2018.
             Slain by an iguana (11 damage)
             ... on level 2 of the Dungeon.
             The game lasted 00:02:37 (1864 turns).

KristoblXynda the Ducker (Spriggan Monk)            Turns: 1864, Time: 00:02:39

Health: -4/23      AC:  2    Str:  8    XL:     4   Next: 8%
Magic:  5/5        EV: 21    Int: 11    God:
Gold:   90         SH:  0    Dex: 18    Spells: 3/3 levels left

rFire    . . .     SeeInvis +   a - +0 short sword
rCold    . . .     Gourm    .   (shield restricted)
rNeg     . . .     Faith    .   b - +0 robe
rPois    .         Spirit   .   (helmet restricted)
rElec    .         Reflect  .   (no cloak)
rCorr    .         Harm     .   (gloves unavailable)
MR       .....                  (boots unavailable)
Stlth    +++.......             (no amulet)
HPRegen  0.07/turn              (no ring)
MPRegen  0.09/turn              (no ring)

@: very slightly contaminated, invisible, very quick
A: very small, unfitting armour, see invisible, herbivore, speed 3, slow
metabolism 2
a: no special abilities


You were on level 2 of the Dungeon.
You were not hungry.

You visited 1 branch of the dungeon, and saw 2 of its levels.

You collected 90 gold pieces.

Inventory:

Hand Weapons
 a - a +0 short sword (weapon)
Armour
 b - a +0 robe (worn)
Scrolls
 e - a scroll of magic mapping {unknown}
 g - a scroll of fog {unknown}
 h - 3 scrolls of teleportation {unknown}
 j - a scroll of enchant weapon {unknown}
 l - a scroll of blinking {unknown}
 m - a scroll of enchant armour {unknown}
Potions
 d - a potion of invisibility
 f - a potion of agility
 k - a potion of haste
Comestibles
 c - 2 rations


   Skills:
 - Level 2.4 Fighting
 + Level 4.1 Short Blades
 + Level 5.5 Dodging
 + Level 4.6 Stealth


You had 3 spell levels left.
You didn't know any spells.

Dungeon Overview and Level Annotations

Branches:
Dungeon (2/15)

Altars:


Innate Abilities, Weirdness & Mutations

You are very small and have problems with some larger weapons.
You are too small for most types of armour.
You have supernaturally acute eyesight. (SInv)
You are a herbivore.
You cover ground extremely quickly.
You need consume almost no food.


Message History

You catch the helpless iguana completely off-guard!
You puncture the iguana!
The iguana is severely wounded.
You hit the iguana.
The iguana is almost dead.
The iguana bites you.
You closely miss the iguana.
The iguana is almost dead.
The iguana closely misses you.
You barely miss the iguana.
The iguana is almost dead.
The iguana closely misses you.
You barely miss the iguana.
The iguana is almost dead.
The iguana hisses angrily.
The iguana closely misses you.
You closely miss the iguana.
The iguana is almost dead.
The iguana bites you!
You die...

...# #...### g# ..####.....#
.# ..#..).....# ###.#####
..#.###....# ###........
..#.# #....# #..........
#...# #....## #)#).......
#..## #.....# ##.#l.......
#..## #.....## ##..#........
....# #......# #@..<.....$..
....###....#.#.l..#.........
.(#..##....#...#.##.........
....<.........#..#[.########
#.##.########...##.## #.##.#
##..##.# #.##.# #..##l#
#....# ##.##.# .###.#
###....#


You could see an iguana.

Vanquished Creatures
  2 adders (D:2)
  An ooze (D:2)
  A worm (D:1)
  2 dart slugs
  4 bats
  2 giant cockroaches
  9 goblins
  3 hobgoblins
  6 jackals
  3 kobolds
  3 quokkas (D:2)
  A ball python (D:2)
  2 rats
39 creatures vanquished.

Notes
Turn   | Place    | Note
-------+----------+-------------------------------------------
     0 | D:1      | KristoblXynda the Spriggan Monk began the quest for the Orb.
     0 | D:1      | Reached XP level 1. HP: 11/11 MP: 2/2
   175 | D:1      | Reached XP level 2. HP: 9/16 MP: 3/3
  1107 | D:2      | Reached skill level 5 in Dodging
  1107 | D:2      | Reached XP level 3. HP: 19/19 MP: 4/4
  1846 | D:2      | Reached XP level 4. HP: 12/23 MP: 5/5
  1864 | D:2      | Slain by an iguana

Vault maps used:
D:1:      evilmike_arrival_run_for_it
D:2:      minmay_misc_feat_plants, kennysheep_generic_room_7

Skill      XL: |  1  2  3 |
---------------+----------+-----
Dodging        | 5 |  5.5
Stealth        | 4 |  4.6
Short Blades   | 4 |  4.1
Fighting       | |  2.4

Action                   |  1- 3 |  4- 6 || total
-------------------------+-------+-------++-------
Melee: Short sword       |   150 |    14 ||   164
  Use: Scroll            |     3 |       ||     3
       Potion            |     1 |       ||     1
 Stab: Sleeping          |    10 |       ||    10
       Distracted        |     1 |       ||     1
       Invisible         |       |     4 ||     4
Armor: Robe              |    17 |       ||    17
Dodge: Dodged            |   107 |     6 ||   113

Table legend:
 A = Spawn XP
 B = Non-spawn XP
 C = Spawn XP percentage of total XP
 D = Spawn monster count
 E = Non-spawn monster count
 F = Spawn count percentage of total count
 G = Total turns spent on level
                    A         B        C        D         E        F      G
               +---------+---------+-------+---------+---------+-------+---------
         Total |       0 |     105 |   0.0 |       0 |      39 |   0.0 |  1864
               +---------+---------+-------+---------+---------+-------+---------
           D:1 |       0 |      28 |   0.0 |       0 |      12 |   0.0 |  1076
           D:2 |       0 |      77 |   0.0 |       0 |      27 |   0.0 |   788
               +---------+---------+-------+---------+---------+-------+---------
